 Dungeon Crawl Stone Soup version 0.27-a0-1188-g73eefd5def (webtiles) character file.

Game seed: 15886696064170044977

112 Conn the Covert (level 4, -1/31 HPs)
             Began as an Octopode Delver on May 22, 2021.
             Slain by an orc
             ... wielding a +0 mace
              (7 damage)
             ... on level 4 of the Dungeon.
             The game lasted 00:02:23 (761 turns).

Conn the Covert (Octopode Delver)                    Turns: 761, Time: 00:02:24

Health: -1/31      AC:  1    Str: 11    XL:     4   Next: 95%
Magic:  4/4        EV: 13    Int: 13    God:
Gold:   16         SH:  0    Dex: 13    Spells: 3/3 levels left

rFire    . . .     SeeInvis .   i - +0 falchion (elec)
rCold    . . .     Faith    .   (no shield)
rNeg     . . .     Spirit   .   (helmet restricted)
rPois    .         Reflect  .   (no amulet)
rElec    .         Harm     .   (no ring)
rCorr    .         Rampage  .   (no ring)
Will     .....                  (no ring)
Stlth    +++++.....             (no ring)
HPRegen  0.10/turn              (no ring)
MPRegen  0.09/turn              (no ring)
                                (no ring)
                                (no ring)

@: no status effects
A: almost no armour, amphibious, 8 rings, camouflage 1, gelatinous body 1,
(nimble swimmer 1), tentacles
a: no special abilities


You were on level 4 of the Dungeon.
You visited 1 branch of the dungeon, and saw 2 of its levels.

You collected 16 gold pieces.

Inventory:

Hand Weapons
 a - a +0 short sword
 i - a +0 falchion of electrocution (weapon)
Wands
 f - a wand of digging (3)
Scrolls
 b - a scroll of fog
 c - a scroll of magic mapping
 g - a scroll of teleportation {unknown}
 h - a scroll of torment {unknown}
 j - a scroll of summoning {unknown}
 l - a scroll of identify {unknown}
 m - a scroll of enchant armour {unknown}
Potions
 e - a potion of haste
 k - a potion of mutation {unknown}


   Skills:
 + Level 3.5 Fighting
 + Level 2.2(2.3) Short Blades
 + Level 0.1(1.3) Long Blades
 + Level 2.1 Dodging
 + Level 8.6 Stealth


You had 3 spell levels left.
You didn't know any spells.
Your spell library was empty.

Dungeon Overview and Level Annotations

Branches:
Dungeon (5/15)
 Temple: D:4-7

Altars:
Dithmenos
Makhleb
Okawaru
Uskayaw
Wu Jian
Yredelemnul
The Shining One


Innate Abilities, Weirdness & Mutations

You cannot wear most types of armour.
You are amphibious.
You can wear up to eight rings at the same time.
Your skin changes colour to match your surroundings (Stealth+).
Your rubbery body absorbs attacks. (AC +1, EV +1)
((You are camouflaged near water. (Stealth+)))
You have tentacles for arms and can constrict up to eight enemies at once.


Message History

The orc hits you with a +0 war axe.
Items here: )) ††.
You barely miss the orc.
The orc shouts!
You grab the orc. You squeeze the orc, but do no damage.
You constrict the orc, but do no damage.
You hear a shout!
The orc hits you with a +0 club.
An orc comes into view. It is wielding a +0 mace.
You hit the orc. You grab the orc. You squeeze the orc.
You kill the orc!
You constrict the orc. The orc closely misses you.
The orc throws a boomerang.
The boomerang closely misses you.
You hit the orc. Lightning courses through the orc!
You kill the orc!
You barely miss the orc. Your grab misses the orc. The orc misses you.
The orc hits you with a +0 whip.
You barely miss the orc. Your grab misses the orc. The orc barely misses you.
The orc closely misses you.
You riposte.
You closely miss the orc. Your grab misses the orc.
Your squeeze misses the orc. The orc hits you with a +0 short sword.
* * * LOW HITPOINT WARNING * * *
You closely miss the orc. You grab the orc. You constrict the orc.
The orc hits you with a +0 whip.
* * * LOW HITPOINT WARNING * * *
You hit the orc. You squeeze the orc, but do no damage.
The orc is severely wounded.
You constrict the orc.
The orc struggles to escape constriction.
The orc escapes!
You barely miss the orc. You grab the orc.
The orc is almost dead.
You constrict the orc.
You kill the orc!
You slash the orc! Lightning courses through the orc!
You kill the orc!
You barely miss the orc. You grab the orc. You squeeze the orc.
The orc is severely wounded.
You constrict the orc. The orc hits you with a +0 mace!
You die...

..... .... #.. ##########'##
............# ###........#
#.###))..# #.# #o##### #.#
#)@...# #.# #####.# ## #.#
#.# #. #.# #.# #######. #.#
#####'######.......
##.###.........##.......
##.###..............##.......
#.......##..........##.......
#######.##.####'######.......


You could see an orc.

Vanquished Creatures
  A water moccasin skeleton (D:5)
  A jelly (D:5)
  An adder skeleton (D:4)
  A worm (D:4)
  11 orcs (D:4)
  A ball python (D:4)
  2 jackals (D:4)
  A kobold (D:4)
19 creatures vanquished.

Notes
Turn   | Place    | Note
-------+----------+-------------------------------------------
     0 | D:5      | Conn the Octopode Delver began the quest for the Orb.
     0 | D:5      | Reached XP level 1. HP: 16/16 MP: 1/1
    16 | D:5      | Noticed a jelly
    17 | D:5      | Found an ornate altar of the Wu Jian Council.
    19 | D:5      | Found an iron altar of Okawaru.
    19 | D:5      | Found a hide-covered altar of Uskayaw.
    19 | D:5      | Found a burning altar of Makhleb.
    24 | D:5      | Killed a jelly
    25 | D:5      | Reached skill level 7 in Stealth
    25 | D:5      | Reached XP level 2. HP: 16/21 MP: 2/2
    25 | D:5      | Reached XP level 3. HP: 19/26 MP: 3/3
   103 | D:5      | Found a basalt altar of Yredelemnul.
   105 | D:5      | Found a shadowy altar of Dithmenos.
   107 | D:5      | Found a glowing golden altar of the Shining One.
   172 | D:5      | Reached skill level 8 in Stealth
   172 | D:5      | Reached XP level 4. HP: 21/31 MP: 4/4
   744 | D:4      | Noticed an ogre
   761 | D:4      | Slain by an orc

Illustrated notes

Levels and vault maps discovered:
D:4:      layout_basic
D:5:      layout_loops_corners, minitemple, temple_fountains,
          uniq_crazy_yiuf_cottage, uniq_ijyb

Skill      XL: |  1  2  3 |
---------------+----------+-----
Stealth        | 7 8 |  8.6
Fighting       | |  3.5
Short Blades   | |  2.2
Long Blades    | |  0.1
Dodging        | |  2.1

Action                   |  1- 3 |  4- 6 || total
-------------------------+-------+-------++-------
Melee: Short sword       |     9 |    10 ||    19
       Tentacles         |     2 |     9 ||    11
       Constrict         |     1 |    10 ||    11
       Falchion          |       |    18 ||    18
  Use: Scroll            |       |     1 ||     1
       Potion            |       |     1 ||     1
 Stab: Sleeping          |       |     5 ||     5
Dodge: Dodged            |     4 |    13 ||    17
       Rpst.: Falchion   |       |     3 ||     3

Table legend: (Time is in decaauts)
 A = Elapsed time spent in this place.
 B = Non-inter-level travel time spent in this place.
 C = Inter-level travel time spent in this place.
 D = Time resting spent in this place.
 E = Time spent auto-exploring this place.
 F = Levels seen in this place.
 G = Mean time per level.
                   A        B        C        D        E       F      G
               +--------+--------+--------+--------+--------+-----+--------+
         Total |    764 |    764 |      0 |    177 |    390 |   2 |  382.0 |
       Dungeon |    764 |    764 |      0 |    177 |    390 |   2 |  382.0 |
               +--------+--------+--------+--------+--------+-----+--------+

Top non-repeatable levels by time:
     D:4: 409 daAuts
     D:5: 355 daAuts
